 Dungeon Crawl Stone Soup version 0.26-a0-1086-g9010512d90 (webtiles) character file.

Game seed: 17235366011141375144

8204 robertstho the Frost Mage (level 11, -12/81 HPs)
             Began as a Gnoll Ice Elementalist on Dec 14, 2020.
             Was a Priest of Sif Muna.
             Mangled by a two-headed ogre
             ... wielding a +0 dire flail
              (24 damage)
             ... on level 11 of the Dungeon.
             The game lasted 00:22:09 (11055 turns).

robertstho the Frost Mage (Gnoll Ice Elementalist) Turns: 11055, Time: 00:22:11

Health: -12/81     AC: 14    Str: 11    XL:     11   Next: 27%
Magic:  19/23      EV: 17    Int: 20    God:    Sif Muna [***...]
Gold:   685        SH:  0    Dex: 16    Spells: 11/26 levels left

rFire    x . .     SeeInvis .   C - +2 great sword (vorpal)
rCold    + . .     Faith    .   (shield currently unavailable)
rNeg     . . .     Spirit   .   v - +2 robe {Archmagi}
rPois    .         Reflect  .   a - +2 helmet
rElec    .         Harm     .   (no cloak)
rCorr    .         Rampage  .   z - +0 pair of gloves
Will     .....                  n - +0 pair of boots
Stlth    ++++......             k - amulet of the acrobat
HPRegen  0.23/turn              e - +4 ring of protection
MPRegen  0.18/turn              f - ring of ice

@: about to teleport, frozen ramparts, very slightly contaminated, invisible
A: distributed training, fangs 1, strong nose
a: Channel Magic, Forget Spell, Renounce Religion


You were on level 11 of the Dungeon.
You worshipped Sif Muna.
Sif Muna was most pleased with you.
You visited 2 branches of the dungeon, and saw 12 of its levels.

You collected 685 gold pieces.

Inventory:

Hand Weapons
 j - a +0 dagger of electrocution
 y - a +2 hand axe of venom
 C - a +2 vorpal great sword (weapon)
 M - a +2 vorpal shortbow
Missiles
 g - 383 stones
 p - 4 datura-tipped darts
 r - 252 arrows
 t - 8 boomerangs
 u - 96 bolts
 B - 80 sling bullets
 G - 25 poisoned darts
Armour
 a - a +2 helmet (worn)
 n - a +0 pair of boots (worn)
 v - a +2 robe of the Archmagi (worn)
 z - a +0 pair of gloves (worn)
 K - +0 acid dragon scales
Jewellery
 e - a +4 ring of protection (left hand)
 f - a ring of ice (right hand)
 k - an amulet of the acrobat (around neck)
 x - an uncursed ring of willpower
 N - an uncursed ring of protection from fire {unknown}
 O - an uncursed amulet of regeneration {unknown}
 U - an uncursed ring of poison resistance {unknown}
Wands
 w - a wand of flame (61)
 A - a wand of disintegration (14)
 E - a wand of iceblast (7)
 I - a wand of polymorph (11)
 L - a wand of random effects (7)
 S - a wand of digging (5)
Scrolls
 b - 5 scrolls of remove curse
 d - a scroll of enchant armour
 i - 2 scrolls of enchant weapon
 m - 3 scrolls of teleportation
 H - a scroll of random uselessness {unknown}
 J - 2 scrolls of identify
 Q - a scroll of magic mapping {unknown}
 T - a scroll of fog {unknown}
Potions
 c - a potion of invisibility
 h - 2 potions of haste
 l - 2 potions of curing
 o - 2 potions of lignification {unknown}
 q - 2 potions of berserk rage {unknown}
 s - 3 potions of attraction {unknown}
 D - a potion of flight {unknown}
 F - a potion of might {unknown}
 R - a potion of mutation {unknown}
Miscellaneous
 P - a phantom mirror


   Skills:
 + Level 6.1 Fighting
 + Level 6.1 Short Blades
 + Level 6.1 Long Blades
 + Level 6.1 Axes
 + Level 6.1 Maces & Flails
 + Level 6.1 Polearms
 + Level 6.1 Staves
 + Level 6.1 Slings
 + Level 6.1 Bows
 + Level 6.1 Crossbows
 + Level 6.1 Throwing
 + Level 6.1 Armour
 + Level 7.7 Dodging
 + Level 7.5 Stealth
 + Level 6.1 Shields
 + Level 6.1 Unarmed Combat
 + Level 8.0 Spellcasting
 + Level 5.1 Conjurations
 + Level 5.1 Hexes
 + Level 5.1 Summonings
 + Level 5.1 Necromancy
 + Level 5.1 Translocations
 + Level 5.1 Transmutations
 + Level 5.1 Fire Magic
 + Level 8.8 Ice Magic
 + Level 5.1 Air Magic
 + Level 5.1 Earth Magic
 + Level 5.1 Poison Magic
 + Level 6.7 Invocations
 + Level 6.1 Evocations


You had 11 spell levels left.
You knew the following spells:

 Your Spells              Type           Power        Failure   Level
a - Freeze                Ice            ####         1%          1
b - Frozen Ramparts       Ice            ######       1%          3
c - Ozocubu's Armour      Ice            #######.     1%          3
d - Hailstorm             Conj/Ice       ######..     4%          4
e - Summon Ice Beast      Ice/Summ       ######..     4%          4

Your spell library contained the following spells:

 Spells                   Type           Power        Failure   Level
 Confusing Touch          Hex            #####...     3%          3
 Gell's Gravitas          Tloc           #####.....   3%          3
 Petrify                  Tmut/Erth      #####...     11%         4
 Metabolic Englaciation   Hex/Ice        ######....   13%         5
 Yara's Violent Unravell  Hex/Tmut       #####.....   28%         5


Dungeon Overview and Level Annotations

Branches:
Dungeon (11/15)            Temple (1/1) D:4            Lair (0/6) D:9
    Orc: D:9-12

Altars:
Ashenzari
Cheibriados
Elyvilon
Fedhas
Gozag
Hepliaklqana
Kikubaaqudgha
Makhleb
Nemelex Xobeh
Okawaru
Ru
Sif Muna
Trog
Uskayaw
Vehumet
Wu Jian
Xom
The Shining One

Annotations:
D:8 need flight for centaur island
D:11 Snorg


Innate Abilities, Weirdness & Mutations

Your experience applies equally to all skills.
You have very sharp teeth.
Your uncanny sense of smell can sniff out nearby items.


Message History

You fade into invisibility!
The wall freezes Snorg.
Snorg misses you.
You riposte.
You catch the helpless Snorg completely off-guard!
You hit Snorg.
Snorg is moderately wounded.
Snorg claws you but does no damage. Snorg closely misses you.
The two-headed ogre closely misses you. The two-headed ogre misses you.
The wight completely resists.
The wall freezes the wight but do no damage.
The wight hits you but does no damage. The wight closely misses you.
You riposte.
You closely miss the wight.
You are very lightly contaminated with residual magic.
You feel better.
The wall freezes Snorg.
Snorg barely misses you.
You riposte.
You catch the helpless Snorg completely off-guard!
You hit Snorg. You bite Snorg.
Snorg is heavily wounded.
Snorg misses you. x2; The wight resists.
The wall freezes the wight.
The two-headed ogre barely misses you.
The two-headed ogre hits you with a +0 giant spiked club!!
You die...

... #########..#
#.........# #.........#
#.........#. #...........
#...Oz....# #...@zz...#
###T##.#### ##.##.# #.#..
######>†##.###....#
.................# ......
###.............##.......
#.###.>................
.####. ##....$....## ......
......##†..........##.....#


You could see Snorg (berserk), a two-headed ogre and 3 wights.

Vanquished Creatures
  Joseph (D:8)
  A centaur skeleton (D:10)
  Maggie (D:10)
  A komodo dragon (D:9)
  A troll (D:9)
  A hornet (D:7)
  Sigmund (D:3)
  6 yaks (D:9)
  Grum (D:9)
  2 water moccasins
  5 ice beasts
  5 sky beasts
  An orc warrior (D:9)
  A phantom (D:7)
  4 black bears (D:9)
  An eye of draining (D:8)
  A necrophage (D:11)
  2 ogres
  4 wolves (D:9)
  4 centaurs
  3 bullfrogs (D:9)
  A wyvern zombie (D:10)
  A wyvern skeleton (D:6)
  2 scorpions
  2 wights (D:6)
  11 killer bees
  5 howler monkeys
  5 hounds
  4 orc priests
  10 orc wizards
  3 iguanas
  6 worker ants
  Ijyb (D:3)
  2 hound zombies
  A hound skeleton (D:5)
  A howler monkey skeleton (D:6)
  17 adders
  A shadow imp (D:6)
  3 oozes
  An adder skeleton (D:4)
  An adder zombie (D:9)
  2 worms (D:3)
  A dart slug (D:1)
  7 leopard geckos
  49 orcs
  10 giant cockroaches
  4 goblins
  3 hobgoblins (D:1)
  2 jackals (D:6)
  5 kobolds
  8 quokkas
  A ball python (D:4)
  6 bats
  10 frilled lizards
  A jackal zombie (D:7)
  A leopard gecko zombie (D:6)
  3 rats
238 creatures vanquished.

Vanquished Creatures (collateral kills)
  An ice beast (D:8)
  2 phantoms
  6 centaurs (D:8)
  3 wights (D:6)
  An iguana (D:8)
  An orc (D:8)
14 creatures vanquished.

Vanquished Creatures (others)
  26 fungi (D:9)
  14 plants (D:9)
40 creatures vanquished.

Grand Total: 292 creatures vanquished

Notes
Turn   | Place    | Note
-------+----------+-------------------------------------------
     0 | D:1      | robertstho the Gnoll Ice Elementalist began the quest for
                  | the Orb.
     0 | D:1      | Reached XP level 1. HP: 13/13 MP: 6/6
   282 | D:1      | Reached XP level 2. HP: 19/19 MP: 7/7
   974 | D:2      | Reached XP level 3. HP: 25/25 MP: 9/9
   979 | D:2      | Reached skill level 5 in Spellcasting
  1044 | D:2      | Reached skill level 1 in Invocations
  1162 | D:2      | Reached skill level 1 in Fighting
  1162 | D:2      | Reached skill level 1 in Short Blades
  1162 | D:2      | Reached skill level 1 in Long Blades
  1162 | D:2      | Reached skill level 1 in Axes
  1162 | D:2      | Reached skill level 1 in Maces & Flails
  1162 | D:2      | Reached skill level 1 in Polearms
  1162 | D:2      | Reached skill level 1 in Staves
  1162 | D:2      | Reached skill level 1 in Slings
  1162 | D:2      | Reached skill level 1 in Bows
  1162 | D:2      | Reached skill level 1 in Crossbows
  1162 | D:2      | Reached skill level 1 in Throwing
  1162 | D:2      | Reached skill level 1 in Armour
  1162 | D:2      | Reached skill level 1 in Shields
  1162 | D:2      | Reached skill level 1 in Unarmed Combat
  1162 | D:2      | Reached skill level 1 in Evocations
  1266 | D:2      | Reached XP level 4. HP: 30/32 MP: 11/11
  1443 | D:3      | Reached skill level 1 in Conjurations
  1443 | D:3      | Reached skill level 1 in Hexes
  1443 | D:3      | Reached skill level 1 in Summonings
  1443 | D:3      | Reached skill level 1 in Necromancy
  1443 | D:3      | Reached skill level 1 in Translocations
  1443 | D:3      | Reached skill level 1 in Transmutations
  1443 | D:3      | Reached skill level 1 in Fire Magic
  1443 | D:3      | Reached skill level 1 in Air Magic
  1443 | D:3      | Reached skill level 1 in Earth Magic
  1443 | D:3      | Reached skill level 1 in Poison Magic
  1868 | D:3      | Noticed Sigmund
  1869 | D:3      | Reached XP level 5. HP: 28/37 MP: 6/12
  1906 | D:4      | Learned a level 3 spell: Frozen Ramparts
  1910 | D:4      | Learned a level 3 spell: Ozocubu's Armour
  1915 | D:4      | Learned a level 4 spell: Hailstorm
  2020 | D:3      | Reached XP level 6. HP: 38/44 MP: 9/13
  2037 | D:3      | Learned a level 4 spell: Summon Ice Beast
  2316 | D:3      | Reached skill level 5 in Dodging
  2385 | D:3      | Killed Sigmund
  2386 | D:3      | Reached XP level 7. HP: 27/50 MP: 9/15
  2567 | D:3      | Found a white marble altar of Elyvilon.
  2967 | D:3      | Noticed Ijyb
  2977 | D:3      | Killed Ijyb
  3246 | D:4      | Found an iron altar of Okawaru.
  3246 | D:4      | Found a hide-covered altar of Uskayaw.
  3258 | D:4      | Found a sacrificial altar of Ru.
  3424 | D:4      | Reached skill level 5 in Stealth
  3687 | D:4      | Found a staircase to the Ecumenical Temple.
  3819 | Temple   | Entered the Ecumenical Temple
  3909 | Temple   | Became a worshipper of Sif Muna the Loreminder
  3944 | D:5      | Entered Level 5 of the Dungeon
  4284 | D:5      | Reached XP level 8. HP: 45/57 MP: 10/16
  4412 | D:5      | Reached * piety under Sif Muna
  4784 | D:5      | Found an ancient bone altar of Kikubaaqudgha.
  5826 | D:6      | Found a hazy altar of Hepliaklqana.
  5827 | D:6      | Found an ornate altar of the Wu Jian Council.
  5828 | D:6      | Found a shimmering altar of Xom.
  5828 | D:6      | Found a broken altar of Ashenzari.
  5829 | D:6      | Found a sparkling altar of Nemelex Xobeh.
  5830 | D:6      | Found a blossoming altar of Fedhas.
  5830 | D:6      | Found a bloodstained altar of Trog.
  5831 | D:6      | Found a snail-covered altar of Cheibriados.
  6460 | D:7      | Reached XP level 9. HP: 65/65 MP: 18/18
  6680 | D:7      | Noticed a hornet
  6688 | D:7      | Killed a hornet
  7656 | D:8      | Reached ** piety under Sif Muna
  7657 | D:8      | Reached skill level 5 in Invocations
  7996 | D:8      | Reached XP level 10. HP: 73/73 MP: 16/20
  8004 | D:8      | Noticed Joseph
  8012 | D:8      | Killed Joseph
  8013 | D:8      | Reached skill level 5 in Fighting
  8013 | D:8      | Reached skill level 5 in Short Blades
  8013 | D:8      | Reached skill level 5 in Long Blades
  8013 | D:8      | Reached skill level 5 in Axes
  8013 | D:8      | Reached skill level 5 in Maces & Flails
  8013 | D:8      | Reached skill level 5 in Polearms
  8013 | D:8      | Reached skill level 5 in Staves
  8013 | D:8      | Reached skill level 5 in Slings
  8013 | D:8      | Reached skill level 5 in Bows
  8013 | D:8      | Reached skill level 5 in Crossbows
  8013 | D:8      | Reached skill level 5 in Throwing
  8013 | D:8      | Reached skill level 5 in Armour
  8013 | D:8      | Reached skill level 5 in Shields
  8013 | D:8      | Reached skill level 5 in Unarmed Combat
  8013 | D:8      | Reached skill level 5 in Evocations
  8294 | D:8      | Found a glowing golden altar of the Shining One.
  9030 | D:9      | Noticed Grum
  9038 | D:9      | Killed Grum
  9115 | D:9      | Reached *** piety under Sif Muna
  9528 | D:9      | Found a staircase to the Lair.
  9582 | D:9      | You fall into a shaft and drop 1 floor!
  9582 | D:10     | Entered Level 10 of the Dungeon
  9583 | D:10     | Noticed Maggie
  9589 | D:10     | Killed Maggie
  9851 | D:10     | Reached XP level 11. HP: 72/81 MP: 22/22
 10385 | D:9      | Reached skill level 5 in Conjurations
 10385 | D:9      | Reached skill level 5 in Hexes
 10385 | D:9      | Reached skill level 5 in Summonings
 10385 | D:9      | Reached skill level 5 in Necromancy
 10385 | D:9      | Reached skill level 5 in Translocations
 10385 | D:9      | Reached skill level 5 in Transmutations
 10385 | D:9      | Reached skill level 5 in Fire Magic
 10385 | D:9      | Reached skill level 5 in Air Magic
 10385 | D:9      | Reached skill level 5 in Earth Magic
 10385 | D:9      | Reached skill level 5 in Poison Magic
 11037 | D:11     | Noticed Snorg
 11048 | D:11     | Noticed a two-headed ogre
 11055 | D:11     | Mangled by a two-headed ogre

Illustrated notes

Levels and vault maps discovered:
D:1:      lightli_arrival_statue_moat, layout_basic
D:2:      layout_basic
D:3:      layout_basic, lemuel_crystal_altar, uniq_ijyb, uniq_sigmund
D:4:      layout_rooms, gammafunk_temple_overflow_wave, temple_doors_e,
          nicolae_ru_path_of_blood
D:5:      layout_cave_pools, general_overflow_altar
D:6:      layout_loops_ring, grunt_temple_overflow_open
D:7:      layout_gridville
D:8:      layout_loops_corners, nicolae_overflow_crystal_walls, centaur_isle,
          uniq_joseph
D:9:      layout_basic, due_lair_maze_entry_diamond, nrook_pool_corridor,
          uniq_grum
D:10:     layout_cave_pools, hangedman_decor_riveting, uniq_maggie
D:11:     layout_rooms, david_orc_5, kennysheep_small_circle, uniq_snorg
Temple:   nicolae_temple_figure_zero

Skill      XL: |  1  2  3  4  5  6  7  8  9 10 11 |
---------------+----------------------------------+-----
Spellcasting   | 5 6 7 8 |  8.0
Invocations    | 1 2 3 4 5 6 |  6.7
Fighting       | 1 2 3 4 5 6 |  6.1
Short Blades   | 1 2 3 4 5 6 |  6.1
Long Blades    | 1 2 3 4 5 6 |  6.1
Axes           | 1 2 3 4 5 6 |  6.1
Maces & Flails | 1 2 3 4 5 6 |  6.1
Polearms       | 1 2 3 4 5 6 |  6.1
Staves         | 1 2 3 4 5 6 |  6.1
Slings         | 1 2 3 4 5 6 |  6.1
Bows           | 1 2 3 4 5 6 |  6.1
Crossbows      | 1 2 3 4 5 6 |  6.1
Throwing       | 1 2 3 4 5 6 |  6.1
Armour         | 1 2 3 4 5 6 |  6.1
Shields        | 1 2 3 4 5 6 |  6.1
Unarmed Combat | 1 2 3 4 5 6 |  6.1
Evocations     | 1 2 3 4 5 6 |  6.1
Conjurations   | 1 2 3 4 5 |  5.1
Hexes          | 1 2 3 4 5 |  5.1
Summonings     | 1 2 3 4 5 |  5.1
Necromancy     | 1 2 3 4 5 |  5.1
Translocations | 1 2 3 4 5 |  5.1
Transmutations | 1 2 3 4 5 |  5.1
Fire Magic     | 1 2 3 4 5 |  5.1
Air Magic      | 1 2 3 4 5 |  5.1
Earth Magic    | 1 2 3 4 5 |  5.1
Poison Magic   | 1 2 3 4 5 |  5.1
Dodging        | 5 6 7 |  7.7
Stealth        | 5 6 7 |  7.5
Ice Magic      | 8 |  8.8

Action                   |  1- 3 |  4- 6 |  7- 9 | 10-12 || total
-------------------------+-------+-------+-------+-------++-------
Melee: Unarmed           |    18 |       |       |       ||    18
       Mace              |    27 |       |       |       ||    27
       Dagger            |    50 |    50 |    20 |       ||   120
       Bite              |     7 |     3 |    22 |    22 ||    54
       Hand axe          |       |       |   104 |       ||   104
       Punch             |       |       |     4 |       ||     4
       Great sword       |       |       |    47 |    85 ||   132
 Cast: Freeze            |     9 |    18 |       |     2 ||    29
       Frozen Ramparts   |       |     8 |    38 |    23 ||    69
       Hailstorm         |       |     1 |     2 |     3 ||     6
       Summon Ice Beast  |       |       |    26 |     5 ||    31
Invok: Channel Magic     |       |       |     2 |       ||     2
  Use: Scroll            |       |       |     7 |     1 ||     8
       Potion            |       |       |       |     3 ||     3
 Stab: Sleeping          |    11 |     6 |     3 |     5 ||    25
       Invisible         |       |       |       |     2 ||     2
Armor: Robe              |    39 |    19 |    59 |    39 ||   156
Dodge: Dodged            |    90 |    38 |   183 |   169 ||   480
       Rpst.: Great sword |       |       |    23 |    51 ||    74

Table legend: (Time is in decaauts)
 A = Elapsed time spent in this place.
 B = Non-inter-level travel time spent in this place.
 C = Inter-level travel time spent in this place.
 D = Time resting spent in this place.
 E = Time spent auto-exploring this place.
 F = Levels seen in this place.
 G = Mean time per level.
                   A        B        C        D        E       F      G
               +--------+--------+--------+--------+--------+-----+--------+
         Total |  11133 |  10533 |    600 |    917 |   7526 |  12 |  927.8 |
       Dungeon |  11030 |  10460 |    570 |    917 |   7455 |  11 | 1002.7 |
        Temple |    102 |     72 |     30 |      0 |     71 |   1 |  102.0 |
               +--------+--------+--------+--------+--------+-----+--------+

Top non-repeatable levels by time:
     D:3: 1669 daAuts
     D:8: 1605 daAuts
     D:6: 1319 daAuts
     D:9: 1132 daAuts
     D:7: 1126 daAuts
     D:4: 1025 daAuts
     D:5: 879 daAuts
    D:10: 817 daAuts
     D:1: 804 daAuts
     D:2: 599 daAuts
  Temple: 102 daAuts
    D:11: 50 daAuts
